 Dungeon Crawl Stone Soup version 0.31-a0-981-geadf994542 (webtiles) character file.

Game seed: 17969041583482143362

40 Frost42 the Trooper (level 3, 0/46 HPs)
             Began as a Barachi Fighter on Oct 31, 2023.
             Succumbed to an adder's poison
             ... on level 2 of the Dungeon.
             The game lasted 00:08:27 (1246 turns).

Frost42 the Trooper (Barachi Fighter)               Turns: 1246, Time: 00:08:28

Health: 0/46       AC: 21    Str: 25    XL:     3   Next: 50%
Magic:  3/3        EV:  2    Int:  8    God:
Gold:   42         SH:  4    Dex: 11    Spells: 2/2 levels left

rFire   . . .        o - +0 short sword
rCold   . . .        c - +0 buckler
rNeg    . . .        b - melded +0 scale mail
rPois   +            (helmet currently unavailable)
rElec   .            (cloak currently unavailable)
rCorr   .            h - melded +0 pair of gloves
SInv    .            (boots currently unavailable)
Will    .....        (no amulet)
Stlth   +            f - +6 ring of strength
HPRegen 0.27/turn    (no ring)
MPRegen 0.08/turn

%: no passive effects
@: lethally poisoned (0 -> -4), tree-form
A: stationary, stasis, torment immunity, boosted hp, (amphibious), (slowness 1),
(strong legs 1), +LOS
a: no special abilities


You were on level 2 of the Dungeon.
You were a tree.
You visited 1 branch of the dungeon, and saw 2 of its levels.

You collected 42 gold pieces.

Inventory:

Hand Weapons
 a - a +0 long sword
 i - a +0 whip of flaming
 o - a +0 short sword (weapon)
Missiles
 g - 9 stones (quivered)
Armour
 b - a +0 scale mail (melded)
 c - a +0 buckler (worn)
 h - a +0 pair of gloves (melded)
 l - a +0 ring mail
 r - a +0 chain mail
Jewellery
 f - a +6 ring of strength (left branch)
 j - an amulet of faith
Talismans
 s - a beast talisman
Scrolls
 e - a scroll of silence {unknown}
 m - a scroll of teleportation {unknown}
 n - a scroll of immolation {unknown}
 p - 2 scrolls of identify {unknown}
 q - a scroll of enchant armour {unknown}
Potions
 d - a potion of might


   Skills:
 * Level 4.3 Fighting
 + Level 0.3(1.5) Short Blades
 - Level 2.7(2.8) Long Blades
 + Level 3.9 Armour
 * Level 3.8 Shields


You had 2 spell levels left.
You didn't know any spells.
Your spell library was empty.

Dungeon Overview and Level Annotations

Branches:
Dungeon (2/15)

Altars:

Shops:
D:2 [


Innate Abilities, Weirdness & Mutations

You are a tree.
Your roots penetrate the ground, keeping you stationary.
You cannot be teleported.
You are immune to unholy pain and torment.
Your maximum health is greatly increased.
Your equipment is partially melded.
((You are amphibious.))
((You cover ground slowly.))
((You can hop short distances.))
You have an extended range of vision and can be seen from far away.


Message History

You feel sick. The adder bites you but does no damage.
The adder barely misses you. The adder bites you but does no damage.
You closely miss the adder.
The adder is severely wounded.
You feel sick. You block the adder's attack.
The adder bites you but does no damage. x2
You completely miss the adder.
The adder is severely wounded.
You feel sick. You block the adder's attack.
The adder bites you but does no damage.
You hit the adder.
The adder is almost dead.
You feel sick. You block the adder's attack.
The adder bites you but does no damage. The adder barely misses you.
You hit the adder.
You kill the adder!
You feel sick. The adder completely misses you.
You feel sick. The adder barely misses you.
You see here an adder corpse.
You feel sick.
You are no longer poisoned.
The adder bites you.
* * * LOW HITPOINT WARNING * * *
The adder bites you.
* * * LOW HITPOINT WARNING * * *
You are lethally poisoned!
The adder poisons you!
You see here a +0 short sword.
It was a potion of lignification.
You turn into a tree.
Your +0 pair of gloves melds into your body.
Your +0 scale mail melds into your body.
Your roots penetrate the ground.
* * * LOW HITPOINT WARNING * * *
You feel sick. You block the adder's attack.
Unknown command.
You cannot move.
You cannot move.
Unknown command.
Unknown command.
You die...

#######.#....#...#..>..#.#.#.
##'#'##.###.#...#.#.#.#.
#...........#.#.#.#.#.#.
#.......#####.#.#.#.#.#.
#.......+ ..#.#.#.....
#.......# #####.#.####..
#.......# #.....#....'..
########'###.##....####..
.......$♣†# +....# #..
........S.# #....# #.#
..........# +.....# #.#
............ #..........
.....(.....## #.....#.###
..........## #.....#...
........... ....... .##
..........# #.###.... .
?.........#


You could see an adder.

Vanquished Creatures
  An adder (D:2)
  2 bats (D:1)
  5 endoplasms
  2 giant cockroaches
  A goblin (D:1)
  6 hobgoblins
  3 kobolds
  A quokka (D:1)
  2 ball pythons
  2 frilled lizards (D:1)
25 creatures vanquished.

Notes
Turn   | Place    | Note
-------+----------+-------------------------------------------
     0 | D:1      | Frost42 the Barachi Fighter began the quest for the Orb.
     0 | D:1      | Reached XP level 1. HP: 18/18 MP: 1/1
   220 | D:1      | Reached XP level 2. HP: 25/25 MP: 2/2
   252 | D:1      | Reached skill level 4 in Fighting
   354 | D:1      | Found a faded altar of an unknown god.
  1025 | D:2      | Found Igilum's Antique Armour Shoppe.
  1034 | D:2      | Reached XP level 3. HP: 27/30 MP: 3/3
  1245 | D:2      | HP: 1/46 [poisoned by an adder]
  1246 | D:2      | Succumbed to an adder's poison

Illustrated notes

Levels and vault maps discovered:
D:1:      lemuel_arrival_rhombus, layout_loops_ring,
          hellmonk_ecumenical_altar_heavens_door, minivault_4,
          kennysheep_nondescript, hangedman_decor_push
D:2:      layout_basic, serial_shops, nicolae_shop_tiny_statue_garden

Skill      XL: |  1  2 |
---------------+-------+-----
Fighting       | 4 |  4.3
Short Blades   | |  0.3
Long Blades    | |  2.7
Armour         | |  3.9
Shields        | |  3.8

Action                     || total
---------------------------++-------
  Melee: Long sword        ||    60
         Short sword       ||    38
  Throw: Stone             ||     4
Ability: Hop               ||     2
    Use: Potion            ||     1
 Armour: Scale mail        ||    91
  Dodge: Dodged            ||    47
  Block: Buckler           ||    25

Table legend: (Time is in decaauts)
 A = Elapsed time spent in this place.
 B = Non-inter-level travel time spent in this place.
 C = Inter-level travel time spent in this place.
 D = Time resting spent in this place.
 E = Time spent auto-exploring this place.
 F = Levels seen in this place.
 G = Mean time per level.
                   A        B        C        D        E       F      G
               +--------+--------+--------+--------+--------+-----+--------+
         Total |   1473 |   1412 |     61 |      0 |    267 |   2 |  736.5 |
       Dungeon |   1473 |   1412 |     61 |      0 |    267 |   2 |  736.5 |
               +--------+--------+--------+--------+--------+-----+--------+

Top non-repeatable levels by time:
     D:1: 1220 daAuts
     D:2: 252 daAuts
